Map: Orbital Shipyard

Players

philipp

  • Race: Protoss Protoss
  • League: Silver

fabian

  • Race: Protoss Protoss
  • League: Silver

deryHD

  • Race: Terran Terran

mttenterona

  • Race: Terran Terran

Gracz

  • Race: Terran Terran

VOD

Have the link to the VOD?

Description

Time

  • Played on: March 7, 2016, 1:36 p.m.
  • Length: 9:52
Show
View Real Time Build Order
Export as new Build Order

philipp Protoss 

Build Orders:  

Get SALT Encoding   

  12  0:02  Probe (Chrono Boost)  
  13  0:13  Probe (Chrono Boost)  
  14  0:27  Pylon  
  14  0:29  Probe (Chrono Boost)  
  15  0:45  Probe (Chrono Boost)  
  15  0:49  Pylon, Gateway  
  16  1:00  Pylon, Probe (Chrono Boost)  
  17  1:16  Forge  
  17  1:22  Gateway  
  17  1:32  Zealot  
  19  1:45  Assimilator  
  19  1:51  Cybernetics Core  
  19  1:53  Pylon  
  19  2:10  Probe (Chrono Boost)  
  20  2:19  Gateway  
  20  2:20  Probe (Chrono Boost)  
  20  2:22  Zealot  
  23  2:31  Probe (Chrono Boost)  
  24  2:41  Probe (Chrono Boost)  
  25  2:52  Stalker  
  27  3:15  Warp Gate  
  27  3:17  Robotics Facility  
  26  3:27  Zealot  
  28  3:37  Probe (Chrono Boost)  
  28  3:39  Assimilator  
  29  3:42  Pylon  
  30  3:49  Probe (Chrono Boost)  
  32  3:55  Zealot  
  32  4:01  Stalker x2, Gateway  
  32  4:02  Probe (Chrono Boost)  
  37  4:06  Warp Prism  
  41  4:47  Mothership Core (Chrono Boost)  
  41  4:51  Zealot x2  
  45  5:18  Zealot  
  47  5:34  Pylon  
  47  5:35  Pylon  
  47  5:52  Warp Prism, Zealot x2  
  53  6:19  Stalker x2  
  57  6:27  Warp Prism  
  59  6:51  Protoss Ground Weapons Level 1  
  59  7:01  Stalker  
  59  7:02  Stalker  
  63  7:09  Nexus  
  63  7:16  Twilight Council  
  63  7:18  Pylon  
  63  7:22  Pylon  
  63  7:23  Pylon  
  63  7:32  Warp Prism  
  65  7:38  Zealot  
  65  7:39  Zealot, Blink  
  69  8:00  Stalker  
  71  8:07  Stalker  
  73  8:25  Probe (Chrono Boost)  
  73  8:26  Probe (Chrono Boost)  
  75  8:35  Probe (Chrono Boost)  
  75  8:38  Probe (Chrono Boost)  
  77  9:02  Stalker x2  
  77  9:03  Stalker x2  
  79  9:39  Stalker x3  
  79  9:40  Stalker  
Show
View Real Time Build Order
Export as new Build Order

fabian Protoss 

Build Orders:  

Get SALT Encoding   

  12  0:08  SCV  
  13  0:20  Refinery, SCV  
  14  0:35  SCV  
  15  0:37  Refinery  
  15  0:47  Supply Depot  
  15  1:09  SCV  
  16  1:14  Engineering Bay  
  16  1:21  SCV  
  17  1:33  SCV  
  18  1:45  SCV  
  19  1:54  Barracks  
  19  1:57  SCV  
  19  1:58  Supply Depot  
  20  2:19  Sensor Tower  
  20  2:26  SCV  
  21  2:38  SCV  
  21  2:41  Missile Turret  
  21  2:42  Marine  
  23  2:50  SCV  
  24  3:00  Reaper  
  24  3:02  SCV  
  26  3:14  SCV  
  27  3:32  Orbital Command  
  27  3:35  Barracks Reactor  
  27  3:45  Barracks  
  27  3:46  Factory  
  27  3:50  Factory  
  27  4:02  SCV  
  28  4:15  Marine x2  
  30  4:32  Marine  
  30  4:33  Factory Tech Lab  
  30  4:34  Barracks  
  31  4:47  Command Center  
  31  5:27  Starport  
  31  5:36  Refinery  
  31  5:42  Supply Depot  
  31  5:57  Barracks Tech Lab  
  31  5:58  Marine x2  
  31  5:59  Barracks Reactor  
  33  6:06  Supply Depot  
  33  6:07  SCV  
  33  6:08  Refinery  
  34  6:16  Marine  
  35  6:19  SCV  
  36  6:29  Supply Depot  
  36  6:32  Marauder  
  38  6:35  Starport Tech Lab  
  38  6:38  Factory Tech Lab  
  38  6:46  Marine x2  
  40  6:49  SCV  
  40  6:52  Supply Depot  
  40  6:53  Marauder  
  43  6:58  Liberator  
  43  7:01  SCV  
  44  7:13  Combat Shields, SCV  
  44  7:14  Supply Depot, Marauder  
  50  7:30  Building Armor  
  50  7:36  Supply Depot  
  50  7:58  Banshee  
  53  8:00  Supply Depot  
  53  8:04  Command Center  
  53  8:11  SCV  
  54  8:23  SCV  
  55  8:31  Refinery  
  55  8:35  SCV  
  55  8:41  Raven  
  58  8:47  SCV  
  56  8:56  Siege Tank  
  46  9:04  Marauder  
  46  9:07  Marine x2  
  45  9:10  SCV  
  49  9:25  Marine, Marauder  
Show
View Real Time Build Order
Export as new Build Order

deryHD Terran 

Build Orders:  

Get SALT Encoding   

Show
View Real Time Build Order
Export as new Build Order

mttenterona Terran 

Build Orders:  

Get SALT Encoding   

Show
View Real Time Build Order
Export as new Build Order

Gracz Terran 

Build Orders:  

Get SALT Encoding   

Tags
 
Add a new tag
Caveats
  • Supply blocks, unpowered buildings, or Contaminate may cause inaccurate times.
  • Supply counts are checked every 10 seconds.